 Dungeon Crawl Stone Soup version 0.29.1-15-g9cfb28693d (webtiles) character file.

Game seed: 8697279161647886055

1852 Ihaveafatcat the Cleaver (level 8, 0/62 (73) HPs)
             Began as a Minotaur Fighter on Apr 5, 2023.
             Was an Initiate of Gozag.
             Slain by a wight
             ... wielding a +0 scimitar
              (2 damage)
             ... on level 6 of the Dungeon.
             The game lasted 00:12:21 (6901 turns).

Ihaveafatcat the Cleaver (Minotaur Fighter)         Turns: 6901, Time: 00:12:31

HP:   0/62 (73)     AC:  8    Str: 23    XL:     8   Next: 88%
MP:   7/7           EV:  9    Int:  5    God:    Gozag
Gold: 575           SH:  5    Dex: 10    Spells: 7/7 levels left

rFire   . . .      SeeInvis .   a - +0 war axe
rCold   . . .      Faith    .   c - +0 buckler
rNeg    . . .      Spirit   .   b - +0 scale mail
rPois   .          Reflect  .   (helmet restricted)
rElec   .          Harm     .   (no cloak)
rCorr   .          Rampage  .   (no gloves)
Will    .....                   (no boots)
Stlth   ..........              (no amulet)
HPRegen 0.20/turn               (no ring)
MPRegen 0.10/turn               (no ring)

@: heavily drained
A: horns 2, retaliatory headbutt
a: Renounce Religion, Potion Petition, Call Merchant, Bribe Branch


You were on level 6 of the Dungeon.
You worshipped Gozag.
Gozag was pleased with you.
You visited 1 branch of the dungeon, and saw 6 of its levels.

You collected 683 gold pieces.
You paid 108 gold pieces to Gozag.

Inventory:

Hand Weapons
 a - a +0 war axe (weapon)
 s - a +2 flail of protection
 A - a +0 giant club
Missiles
 C - 2 throwing nets (quivered)
Armour
 b - a +0 scale mail (worn)
 c - a +0 buckler (worn)
 e - a +0 tower shield
 v - a +0 kite shield
Wands
 x - a wand of paralysis (11)
Scrolls
 k - 3 scrolls of enchant armour {unknown}
 l - a scroll of brand weapon {unknown}
 m - a scroll of magic mapping {unknown}
 p - 3 scrolls of identify
 q - a scroll of vulnerability {unknown}
 r - 3 scrolls of amnesia {unknown}
 u - a scroll of poison {unknown}
 y - a scroll of teleportation {unknown}
 z - 2 scrolls of fear {unknown}
 B - a scroll of blinking {unknown}
Potions
 d - a potion of ambrosia {unknown}
 f - a potion of cancellation
 g - a potion of degeneration {unknown}
 h - a potion of mutation {unknown}
 i - 3 potions of brilliance {unknown}
 j - 2 potions of attraction
 n - a potion of berserk rage {unknown}
 o - a potion of flight {unknown}
 t - a potion of resistance {unknown}
 w - a potion of curing {unknown}


   Skills:
 + Level 7.6 Fighting
 * Level 8.1 Axes
 + Level 7.5 Armour
 + Level 7.5 Shields


You had 7 spell levels left.
You didn't know any spells.
Your spell library contained the following spells:

 Spells                   Type           Power      Damage    Failure   Level
 Scorch                   Fire           0%         2d5       93%         2
 Conjure Flame            Conj/Fire      0%         6-21      99%         3
 Ignite Poison            Fire/Tmut/Pois 0%         N/A       99%         3
 Flame Wave               Conj/Fire      0%         2d4       100%        4
 Sticky Flame             Conj/Fire      0%         2d3       100%        4
 Summon Cactus Giant      Summ           0%         N/A       100%        6


Dungeon Overview and Level Annotations

Branches:
Dungeon (6/15)             Temple (0/1) D:5

Altars:
Ashenzari
Gozag
Kikubaaqudgha
Qazlal
Ru


Innate Abilities, Weirdness & Mutations

You have a pair of horns on your head.
You reflexively headbutt those who attack you in melee.


Message History

The wight is almost destroyed.
The wight barely misses you.
You barely miss the wight.
The wight is almost destroyed.
The wight hits you with a +0 scimitar.
* * * LOW HITPOINT WARNING * * *
You feel drained.
You hit the wight.
The wight is almost destroyed.
The wight hits you with a +0 scimitar.
* * * LOW HITPOINT WARNING * * *
You feel drained.
* * * LOW HITPOINT WARNING * * *
You barely miss the wight.
The wight is almost destroyed.
The wight closely misses you.
You closely miss the wight.
The wight is almost destroyed.
The wight barely misses you. The wight hits you with a +0 scimitar.
* * * LOW HITPOINT WARNING * * *
You hit the wight but do no damage.
The wight is almost destroyed.
The wight hits you with a +0 scimitar.
* * * LOW HITPOINT WARNING * * *
You feel drained.
Aiming: Paralyse
Press: ? - help, Shift-Dir - straight line The wight resists with some effort.
The wight hits you with a +0 scimitar.
* * * LOW HITPOINT WARNING * * *
You feel drained.
You barely miss the wight.
The wight is almost destroyed.
The wight barely misses you.
You hit the wight but do no damage.
The wight is almost destroyed.
The wight hits you with a +0 scimitar.
* * * LOW HITPOINT WARNING * * *
You feel drained.
You die...
Your body crumbles into a pile of gold.

##..### ######... #... ##...#
###......#. #...#
###.####....###### #....
#.........# # #....
##........# # #....
#.....######### #....
#.....#......##
#....#####............##
#...$zz@....>.[.......#
#######.###########.........#
........#.(.....# #..........
........#.#####)# #...#......
........#.#...#.# #...#......
........#.#.#.#.# #...#......
#######.#)#.#.#.# #...#......
#.#<).#.#.# ##### ...
#.#.#.#.#.#


You could see 2 wights.

Vanquished Creatures
  Grinder (D:3)
  2 water moccasins (D:5)
  2 ice beasts (D:6)
  An ogre (D:4)
  A centaur (D:6)
  A bullfrog (D:6)
  A gnoll sergeant (D:5)
  A necrophage (D:5)
  2 scorpions
  3 wights (D:6)
  2 howler monkeys
  A jelly (D:5)
  2 gnoll boudas (D:6)
  2 orc priests
  A hound (D:4)
  4 orc wizards
  8 adders
  12 gnolls
  3 dart slugs (D:1)
  15 orcs
  6 ball pythons
  7 endoplasms
  5 giant cockroaches
  5 goblins
  8 hobgoblins
  6 jackals
  10 kobolds
  11 quokkas
  7 bats
  2 frilled lizards
  9 rats
  A bush (D:5)
142 creatures vanquished.

Vanquished Creatures (others)
  5 fungi (D:5)
5 creatures vanquished.

Grand Total: 147 creatures vanquished

Notes
Turn   | Place    | Note
-------+----------+-------------------------------------------
     0 | D:1      | Ihaveafatcat the Minotaur Fighter began the quest for the
                  | Orb.
     0 | D:1      | Reached XP level 1. HP: 19/19 MP: 0/0
   186 | D:1      | Found a faded altar of an unknown god.
   202 | D:1      | Reached XP level 2. HP: 19/27 MP: 1/1
   716 | D:1      | Reached skill level 3 in Axes
   780 | D:1      | Reached XP level 3. HP: 33/33 MP: 2/2
  1242 | D:2      | Reached XP level 4. HP: 37/40 MP: 3/3
  1598 | D:3      | Noticed Grinder
  1608 | D:3      | Paralysed by Grinder for 5 turns
  1611 | D:3      | HP: 2/41 [quokka (4)]
  1613 | D:3      | Killed Grinder
  1614 | D:3      | Reached skill level 5 in Fighting
  1614 | D:3      | Reached skill level 4 in Axes
  1614 | D:3      | Reached skill level 5 in Armour
  1614 | D:3      | Reached skill level 5 in Shields
  1614 | D:3      | Reached XP level 5. HP: 2/48 MP: 4/4
  1614 | D:3      | Reached XP level 6. HP: 2/56 MP: 5/5
  2136 | D:3      | You fall into a shaft and drop 3 floors!
  2153 | D:5      | Entered Level 5 of the Dungeon
  3437 | D:5      | Noticed a water moccasin
  3443 | D:5      | Killed a water moccasin
  3444 | D:5      | Reached skill level 5 in Axes
  3444 | D:5      | Reached XP level 7. HP: 51/62 MP: 6/6
  3572 | D:5      | Found an ancient bone altar of Kikubaaqudgha.
  3665 | D:5      | HP: 3/63 [gnoll sergeant/+4 vampiric spear (7)]
  3667 | D:5      | HP: 1/63 [poisoned by a gnoll]
  4390 | D:5      | Found an opulent altar of Gozag.
  4443 | D:5      | Became a worshipper of Gozag Ym Sagoz the Greedy
  4509 | D:4      | Found a stormy altar of Qazlal.
  4860 | D:4      | Reached skill level 6 in Axes
  4894 | D:4      | Reached XP level 8. HP: 66/71 MP: 7/7
  5442 | D:4      | Found a sacrificial altar of Ru.
  5520 | D:5      | Found a staircase to the Ecumenical Temple.
  6444 | D:6      | Reached skill level 7 in Axes
  6621 | D:6      | Found a broken altar of Ashenzari.
  6888 | D:6      | Reached skill level 8 in Axes
  6901 | D:6      | HP: 2/64 [wight/+0 scimitar (4)]
  6901 | D:6      | Slain by a wight

Illustrated notes

Levels and vault maps discovered:
D:1:      lightli_arrival_windingriver, layout_basic,
          chequers_ecumenical_altar_simple_redux, chequers_serial_rivers_micro_c
D:2:      layout_basic
D:3:      layout_basic, item_on_display_a, uniq_grinder
D:4:      layout_rooms, mainiacjoe_overflow_catwalk, grunt_qazlal_sundering
D:5:      layout_loops_ring, mainiacjoe_overflow_alcove_4,
          mainiacjoe_overflow_cross_hatched, minmay_temple_entry_tees,
          gup_sewer_entry_spiral, reono_crystal_passage,
          dreamdust_mushroom_princess
D:6:      black_bear_nest_2, layout_basic, nicolae_tso_swordbearing_angel,
          ashenzari_altar_1, minmay_misc_feat_five

Skill      XL: |  1  2  3  4  5  6  7  8 |
---------------+-------------------------+-----
Fighting       | 4 5 6 7 |  7.6
Armour         | 4 5 6 7 |  7.5
Shields        | 4 5 6 7 |  7.5
Axes           | 3 4 5 6 8 |  8.1

Action                   |  1- 3 |  4- 6 |  7- 9 || total
-------------------------+-------+-------+-------++-------
Melee: War axe           |    76 |    99 |   180 ||   355
       Headbutt          |    12 |    14 |    38 ||    64
Evoke: Wand              |       |       |     1 ||     1
  Use: Scroll            |       |     2 |       ||     2
       Potion            |       |     1 |       ||     1
Armor: Scale mail        |    40 |    41 |    58 ||   139
Dodge: Dodged            |    25 |    19 |    73 ||   117
Block: Buckler           |     5 |       |    24 ||    29
       Tower shield      |    45 |    76 |    43 ||   164
